 Dungeon Crawl Stone Soup version 0.28.0-1-gb440e238dd (webtiles) character file.

Game seed: 13318775486437223338

453 Sanktem7 the Covered (level 6, -10/53 HPs)
             Began as a Minotaur Fighter on Feb 19, 2022.
             Mangled by an ogre (13 damage)
             ... on level 4 of the Dungeon on Feb 22, 2022.
             The game lasted 00:07:00 (4340 turns).

Sanktem7 the Covered (Minotaur Fighter)             Turns: 4340, Time: 00:07:02

Health: -10/53     AC: 10    Str: 22    XL:     6   Next: 75%
Magic:  5/5        EV:  8    Int:  5    God:
Gold:   319        SH:  4    Dex: 10    Spells: 5/5 levels left

rFire   + + .      SeeInvis .   a - +0 long sword
rCold   + . .      Faith    .   c - +0 buckler
rNeg    . . .      Spirit   .   m - +0 chain mail
rPois   .          Reflect  .   (helmet restricted)
rElec   .          Harm     .   e - scarf {rC+ rF+}
rCorr   .          Rampage  .   (no gloves)
Will    .....                   (no boots)
Stlth   ..........              (no amulet)
HPRegen 0.17/turn               j - ring of protection from cold
MPRegen 0.09/turn               p - ring of fire

@: hasted, very quick
A: horns 2, retaliatory headbutt
a: no special abilities


You were on level 4 of the Dungeon.
You visited 1 branch of the dungeon, and saw 4 of its levels.
You also visited: Sewer.

You collected 319 gold pieces.

Inventory:

Hand Weapons
 a - a +0 long sword (weapon)
Armour
 c - a +0 buckler (worn)
 e - a scarf of resistance (worn)
 m - a +0 chain mail (worn)
Jewellery
 j - a ring of protection from cold (left hand)
 p - a ring of fire (right hand)
Wands
 b - a wand of iceblast (7)
 i - a wand of acid (11)
Scrolls
 h - a scroll of magic mapping
 k - 2 scrolls of enchant weapon
 l - 2 scrolls of noise
 o - a scroll of fog
 q - a scroll of holy word {unknown}
Potions
 d - a potion of might
 f - a potion of haste
 g - a potion of heal wounds {unknown}
 n - 3 potions of flight
 r - 2 potions of mutation


   Skills:
 + Level 4.7 Fighting
 + Level 5.1 Long Blades
 + Level 5.9 Armour
 + Level 2.2 Dodging
 + Level 0.2 Stealth
 + Level 4.8 Shields


You had 5 spell levels left.
You didn't know any spells.
Your spell library contained the following spells:

 Spells                   Type           Power      Damage    Failure   Level
 Magic Dart               Conj           0%         1d3       99%         1
 Call Imp                 Summ           0%         N/A       100%        2
 Mephitic Cloud           Conj/Pois/Air  0%         N/A       100%        3
 Alistair's Intoxication  Tmut/Pois      0%         N/A       100%        5
 Borgnjor's Vile Clutch   Necr/Erth      0%         N/A       100%        5
 Eringya's Noxious Bog    Tmut/Pois      0%         N/A       100%        6


Dungeon Overview and Level Annotations

Branches:
Dungeon (4/15)              Sewer (visited)
 Temple: D:4-7

Altars:
Sif Muna

Shops:
D:2 !

Annotations:
D:3 2 transporters, yahweh's ghost, amateur DsBe


Innate Abilities, Weirdness & Mutations

You have a pair of horns on your head.
You reflexively headbutt those who attack you in melee.


Message History

You open the door.
An adder skeleton comes into view.
Found 65 gold pieces.
An adder skeleton is nearby!
An adder skeleton is nearby!
An adder skeleton is nearby!
Found 2 gold pieces.
The adder skeleton bites you but does no damage.
There is an open door here.
You slash the adder skeleton!
Your headbutt misses the adder skeleton.
The adder skeleton is severely damaged.
The adder skeleton completely misses you.
You furiously retaliate!
You headbutt the adder skeleton.
You destroy the adder skeleton!
An ogre comes into view. It is wielding a +0 giant club.
The ogre shouts!
The ogre hits you with a +0 giant club!!
You see here 17 gold pieces.
You block the ogre's attack. The ogre hits you with a +0 giant club!
An ogre is nearby!
An ogre is nearby!
You hit the ogre but do no damage. The ogre hits you with a +0 giant club!
* * * LOW HITPOINT WARNING * * *
You hit the ogre.
The ogre is lightly wounded.
You barely miss the ogre. Your headbutt misses the ogre.
The ogre is lightly wounded.
The ogre barely misses you.
You hit the ogre.
The ogre is moderately wounded.
The ogre barely misses you.
You slash the ogre!
You headbutt the ogre, but do no damage.
The ogre is heavily wounded.
The ogre hits you with a +0 giant club!
* * * LOW HITPOINT WARNING * * *
You feel yourself speed up. The ogre hits you with a +0 giant club!
You die...

##...##....##
##.....####'####
#.......'......+
#.......########
#.......#......+
##.....##......##
#.....#........#
####'#####...$$...##
#.......'...$.@$...+
#..†....##...O$...##
##.....###........#
##...## ##......##
#...# #......# ##.##
######## ###


You could see an ogre.

Vanquished Creatures
  2 hounds
  Ijyb (D:3)
  Jessica (D:3)
  3 iguanas (D:4)
  A hound skeleton (D:4)
  6 river rats (Sewer)
  10 adders
  A white imp (D:4)
  An adder skeleton (D:4)
  A worm (D:3)
  4 dart slugs
  12 ball pythons
  5 endoplasms
  6 giant cockroaches
  3 goblins
  3 hobgoblins
  9 jackals
  6 quokkas
  14 bats
  5 frilled lizards
  7 kobolds
  3 rats
104 creatures vanquished.

Notes
Turn   | Place    | Note
-------+----------+-------------------------------------------
     0 | D:1      | Sanktem7 the Minotaur Fighter began the quest for the Orb.
     0 | D:1      | Reached XP level 1. HP: 19/19 MP: 0/0
   470 | D:1      | Reached XP level 2. HP: 27/27 MP: 1/1
   611 | D:1      | Found a faded altar of an unknown god.
  1065 | D:2      | Reached XP level 3. HP: 33/33 MP: 2/2
  1320 | D:2      | Found Iraper's Distillery.
  1562 | D:2      | Found a shimmering blue altar of Sif Muna.
  1992 | D:3      | Reached XP level 4. HP: 32/40 MP: 3/3
  2107 | D:3      | Noticed Jessica
  2114 | D:3      | Reached skill level 1 in Dodging
  2116 | D:3      | Killed Jessica
  2159 | D:3      | Found a glowing drain.
  2171 | D:3      | HP: 2/41 [poisoned by an adder]
  2431 | Sewer    | Entered a sewer
  2436 | Sewer    | Reached XP level 5. HP: 42/47 MP: 4/4
  3028 | Sewer    | Reached skill level 5 in Armour
  3766 | D:3      | Reached XP level 6. HP: 51/51 MP: 5/5
  3861 | D:3      | Noticed Ijyb
  3869 | D:3      | Killed Ijyb
  3940 | D:3      | Found a transporter.
  3978 | D:3      | Found a transporter.
  3981 | D:3      | Noticed yahweh's ghost (amateur DsBe)
  4174 | D:4      | Reached skill level 5 in Long Blades
  4339 | D:4      | HP: 2/53 [ogre (10)]
  4340 | D:4      | Mangled by an ogre

Illustrated notes

Levels and vault maps discovered:
D:1:      nagdon_arrival_double_spiral, layout_loops_corners,
          basic_ecumenical_altar, minmay_misc_feat_rows
D:2:      layout_loops_corners, basic_altar, serial_shops,
          nicolae_shop_waterfront
D:3:      layout_rooms, gammafunk_ghost_mausoleum, portal_sewer_entry_d,
          minmay_misc_feat_tiny, uniq_ijyb, uniq_jessica
D:4:      minmay_polygon_palace, layout_basic, serial_shops,
          nicolae_inconvenience_store

Skill      XL: |  1  2  3  4  5  6 |
---------------+-------------------+-----
Armour         | 4 5 |  5.9
Long Blades    | 3 4 5 |  5.1
Fighting       | 4 |  4.7
Shields        | 4 |  4.8
Dodging        | 1 2 |  2.2
Stealth        | |  0.2

Action                   |  1- 3 |  4- 6 || total
-------------------------+-------+-------++-------
Melee: Long sword        |    86 |   163 ||   249
       Headbutt          |    10 |    29 ||    39
  Use: Scroll            |       |     5 ||     5
       Potion            |       |     2 ||     2
Armor: Scale mail        |    53 |       ||    53
       Chain mail        |       |   168 ||   168
Dodge: Dodged            |    44 |   104 ||   148
Block: Buckler           |    16 |    82 ||    98
